 Dungeon Crawl Stone Soup version 0.29-a0-375-g5102b3be25 (webtiles) character file.

Game seed: 17681816656995288811

4 spaghetti the Slasher (level 1, -1/23 HPs)
             Began as a Gnoll Chaos Knight on May 3, 2022.
             Was a Plaything of Xom.
             Slain by a slime creature (glowing shapeshifter) (3 damage)
             ... on level 1 of the Dungeon.
             The game lasted 00:00:29 (177 turns).

spaghetti the Slasher (Gnoll Chaos Knight)           Turns: 177, Time: 00:00:30

Health: -1/23      AC:  5    Str: 11    XL:     1   Next: 70%
Magic:  1/1        EV: 11    Int: 11    God:    Xom [..*...]
Gold:   34         SH:  0    Dex: 11    Spells: 0/0 levels left

rFire   . . .      SeeInvis .   a - +0 falchion (chaos) {long}
rCold   . . .      Faith    .   (no shield)
rNeg    . . .      Spirit   .   b - +2 leather armour
rPois   .          Reflect  .   (no helmet)
rElec   .          Harm     .   (no cloak)
rCorr   .          Rampage  .   (no gloves)
Will    .....                   (no boots)
Stlth   +.........              (no amulet)
HPRegen 0.07/turn               (no ring)
MPRegen 0.07/turn               (no ring)

@: no status effects
A: fangs 1, strong nose, distributed training
a: Renounce Religion


You were on level 1 of the Dungeon.
You worshipped Xom.
You were a toy of Xom.
You visited 1 branch of the dungeon, and saw 1 of its levels.

You collected 34 gold pieces.


Innate Abilities, Weirdness & Mutations

You have very sharp teeth.
Your uncanny sense of smell can sniff out nearby items.
Your experience applies equally to all skills.


   Skills:
 + Level 6.4 Fighting
 + Level 0.1 Short Blades
 + Level 6.4 Long Blades
 + Level 0.1 Axes
 + Level 0.1 Maces & Flails
 + Level 0.1 Polearms
 + Level 0.1 Staves
 + Level 0.1 Slings
 + Level 0.1 Bows
 + Level 0.1 Crossbows
 + Level 0.1 Throwing
 + Level 4.4 Armour
 + Level 2.4 Dodging
 + Level 0.1 Stealth
 + Level 0.1 Shields
 + Level 0.1 Unarmed Combat
 + Level 0.1 Spellcasting
 + Level 0.1 Conjurations
 + Level 0.1 Hexes
 + Level 0.1 Summonings
 + Level 0.1 Necromancy
 + Level 0.1 Translocations
 + Level 0.1 Transmutations
 + Level 0.1 Fire Magic
 + Level 0.1 Ice Magic
 + Level 0.1 Air Magic
 + Level 0.1 Earth Magic
 + Level 0.1 Poison Magic
 + Level 0.2 Invocations
 + Level 0.1 Evocations


You couldn't memorise any spells.
You didn't know any spells.
Your spell library was empty.

Inventory:

Hand Weapons
 a - a +0 falchion of chaos (weapon) {long}
Armour
 b - a +2 leather armour (worn)
Scrolls
 d - a scroll of identify {unknown}
Miscellaneous
 c - a piece from Xom's chessboard (15/15) (quivered)

Dungeon Overview and Level Annotations

Branches:
Dungeon (1/15)

Altars:

# ##+≈.≈≈≈...##
.....≈.≈≈≈≈≈.#
.......≈≈..≈.≈#
....≈...♣.≈...
....≈≈≈.#♣≈.####
###
....≈≈♣≈≈.≈≈...#
#..
......≈J≈.≈.#.###
#.#
#.≈..@.≈.#....##
#.#
#.≈≈...≈##.##.†#
#.#
#..≈..≈≈≈≈.###'#
#.#
#.##..###..###.##
#.## #
##.####.###8.8#
#... #.......#
##.######.
#....####
##.##..... #....#
#8.8#.#### #....#
##.##.####


You could see a slime creature shaped shifter.


Message History

You slash the kobold!
You kill the kobold!
No target in view!
No target in view!
No target in view!
No target in view!
No target in view!
No target in view!
No target in view!
No target in view!
No target in view!
No target in view!
No target in view!
No target in view!
Things that are here:
a +0 dagger {short}; a kobold corpse; 😎 HP[+1]
Your hp is fully restored (23).
You now have 25 gold pieces (gained 7).
You open the door.
A dart slug comes into view.
A dart slug is nearby!
There is an open door here.
You hit the dart slug.
The dart slug resists with significant effort.
The dart slug launches a dart at you. The slug dart misses you.
You hit the dart slug. The dart slug launches a dart at you.
The slug dart hits you.
You are too injured to fight recklessly!
You are too injured to fight recklessly! 😕 HP[-5]
You take 5 damage, and now have 18/23 hp.
MASSIVE DAMAGE!! (PAUSE)
You hit the dart slug. You burn the dart slug. The dart slug barely misses you.
You slash the dart slug! You burn the dart slug.
You kill the dart slug!
You see here a dart slug corpse.
You start resting. 😎 HP[+5]
Your hp is fully restored (23).
You now have 34 gold pieces (gained 9).
A hobgoblin comes into view.
A hobgoblin is nearby!
A hobgoblin is nearby!
A hobgoblin is nearby!
The hobgoblin shouts!
An endoplasm comes into view.
The endoplasm quivers.
The hobgoblin closely misses you.
You hit the hobgoblin but do no damage.
The hobgoblin hits you but does no damage.
You slash the hobgoblin!
You kill the hobgoblin!
You hit the endoplasm. The endoplasm freezes you.
You are frozen. 😕 HP[-3]
You take 3 damage, and now have 20/23 hp.
You are too injured to fight recklessly!
You are too injured to fight recklessly!
You are too injured to fight recklessly!
You are too injured to fight recklessly!
You are too injured to fight recklessly!
You are too injured to fight recklessly!
You are too injured to fight recklessly!
You hit the endoplasm but do no damage.
You bite the endoplasm, but do no damage.
The endoplasm freezes you.
You are frozen. 😕 HP[-1]
You take 1 damage, and now have 19/23 hp.
You hit the endoplasm.
The endoplasm changes into a glowing shapeshifter!
Xom thinks this is hilarious!
You bite the glowing shapeshifter.
The glowing shapeshifter changes into an elephant! 😕 HP[+1] Unknown command.
You hit the elephant.
You bite the elephant, but do no damage.
The elephant changes into a water nymph!
You closely miss the water nymph.
The water nymph changes into a slime creature!
You hit the slime creature. You burn the slime creature.
You hit the slime creature. The slime creature hits you!!
Ouch! That really hurt!
* * * LOW HITPOINT WARNING * * *
Xom thinks this is hilarious! 😱 HP[-18]
You take 18 damage, and now have 2/23 hp.
MASSIVE DAMAGE!! (PAUSE)
You hit the slime creature but do no damage.
The slime creature closely misses you.
Unknown command.
Unknown command.
You hit the slime creature. You burn the slime creature.
The slime creature hits you.
You die...
Xom thinks this is hilarious!

Action                   || total
-------------------------++-------
Melee: Falchion          ||    16
       Bite              ||     3
Armor: Leather armour    ||     1
Dodge: Dodged            ||     4

Levels and vault maps discovered:
D:1:      elethiomel_arrival_maze, layout_basic, ebering_ecumenical_altar_rust,
          chequers_serial_rivers_marsh, roderic_serpentine_path,
          dk_noncrumbling_2, minivault_27

Notes
Turn   | Place    | Note
-------+----------+-------------------------------------------
     0 | D:1      | spaghetti the Gnoll Chaos Knight began the quest for the
                  | Orb.
     0 | D:1      | Reached XP level 1. HP: 23/23 MP: 1/1
     0 | D:1      | magus.rc [v1.9.6]
     3 | D:1      | XOM: silly message
     6 | D:1      | XOM: silly message
   171 | D:1      | Noticed a glowing shapeshifter
   171 | D:1      | an endoplasm changed into a glowing shapeshifter
   171 | D:1      | Noticed an elephant
   171 | D:1      | a glowing shapeshifter changed into an elephant
   172 | D:1      | Noticed a water nymph
   172 | D:1      | an elephant changed into a water nymph
   173 | D:1      | Noticed a slime creature
   173 | D:1      | a water nymph changed into a slime creature
   175 | D:1      | HP: 2/23 [slime creature (glowing shapeshifter) (18)]
   177 | D:1      | Slain by a slime creature (glowing shapeshifter)

Vanquished Creatures
  A dart slug (D:1)
  A hobgoblin (D:1)
  A kobold (D:1)
3 creatures vanquished.

Table legend:
 A = Non-vault XP
 B = Vault XP
 C = Vault XP percentage of total XP
 D = Non-vault monster count
 E = Vault monster count
 F = Vault count percentage of total count
                 A         B        C        D         E       F
            +---------+---------+-------+---------+---------+-------
      Total |       7 |       0 |   0.0 |       3 |       0 |   0.0
            +---------+---------+-------+---------+---------+-------
        D:1 |       7 |       0 |   0.0 |       3 |       0 |   0.0
            +---------+---------+-------+---------+---------+-------

Illustrated notes

Table legend:
 A = Kills in this place as a percentage of kills in entire the game.
 B = Kills by you in this place as a percentage of kills by you in the entire game.
 C = Kills by friends in this place as a percentage of kills by friends in the entire game.
 D = Other kills in this place as a percentage of other kills in the entire game.
 E = Experience gained in this place as a percentage of experience gained in the entire game.
 F = Experience gained in this place divided by the number of levels of this place that you have seen.
                   A       B       C       D       E      F
               +-------+-------+-------+-------+-------+----------------------
         Total | 100.0 | 100.0 |   N/A |   N/A | 100.0 |   7.0
       Dungeon | 100.0 | 100.0 |   N/A |   N/A | 100.0 |   7.0
               +-------+-------+-------+-------+-------+----------------------

Table legend: (Time is in decaauts)
 A = Elapsed time spent in this place.
 B = Non-inter-level travel time spent in this place.
 C = Inter-level travel time spent in this place.
 D = Time resting spent in this place.
 E = Time spent auto-exploring this place.
 F = Levels seen in this place.
 G = Mean time per level.
                   A        B        C        D        E       F      G
               +--------+--------+--------+--------+--------+-----+--------+
         Total |    176 |    176 |      0 |     60 |     84 |   1 |  176.0 |
       Dungeon |    176 |    176 |      0 |     60 |     84 |   1 |  176.0 |
               +--------+--------+--------+--------+--------+-----+--------+

Top non-repeatable levels by time:
     D:1: 176 daAuts
